 Dungeon Crawl Stone Soup version 0.31-a0-826-ga5cc291a1b (webtiles) character file.

Game seed: 12890284686056780760

265 qw the Shooter (level 6, 0/38 HPs)
             Began as a Gargoyle Hunter on Sept 23, 2023.
             Slain by a hound (1 damage)
             ... on level 4 of the Dungeon.
             The game lasted 00:00:52 (2342 turns).

qw the Shooter (Gargoyle Hunter)                    Turns: 2342, Time: 00:00:52

Health: 0/38       AC: 10    Str: 14    XL:     6   Next: 20%
Magic:  6/6        EV: 10    Int: 10    God:
Gold:   173        SH:  0    Dex: 15    Spells: 5/5 levels left

rFire   . . .        Y - +1 shortbow
rCold   . . .        (shield currently unavailable)
rNeg    + . .        d - +0 ring mail
rPois   inf          (no helmet)
rElec   +            (no cloak)
rCorr   .            h - +0 pair of gloves
SInv    .            (no boots)
Will    .....        (no amulet)
Stlth   +            (no ring)
HPRegen 0.26/turn    (no ring)
MPRegen 0.10/turn

%: no passive effects
@: no status effects
A: sickness immunity, AC +4, negative energy resistance 1, electricity
resistance, torment resistance 1, petrification resistance
a: no special abilities


You were on level 4 of the Dungeon.
You visited 1 branch of the dungeon, and saw 4 of its levels.

You collected 173 gold pieces.


Innate Abilities, Weirdness & Mutations

You are immune to sickness and miasma.
Your stone body is resilient. (AC +4)
You are immune to poison.
You resist negative energy. (rN+)
You are resistant to electric shocks. (rElec)
You are resistant to unholy torment.
You are immune to petrification.


   Skills:
 - Level 4.2 Fighting
 + Level 6.2 Ranged Weapons
 - Level 1.0 Armour
 - Level 1.5 Dodging
 - Level 1.1 Stealth


You had 5 spell levels left.
You didn't know any spells.
Your spell library was empty.

Inventory:

Hand Weapons
 Y - a +1 shortbow (weapon)
Armour
 d - a +0 ring mail (worn)
 h - a +0 pair of gloves (worn)
Scrolls
 e - a scroll of identify
 f - 3 scrolls of teleportation
 j - 2 scrolls of poison {unknown}
 l - a scroll of enchant armour {unknown}
Potions
 a - a potion of curing {unknown}
 b - 3 potions of heal wounds
 c - a potion of resistance
 g - a potion of might {unknown}
 i - a potion of attraction {unknown}
 k - a potion of degeneration {unknown}

Dungeon Overview and Level Annotations

Branches:
Dungeon (4/15)
 Temple: D:4-7

Altars:
Ashenzari
The Shining One

Shops:
D:1 [


Message History

The hound attacks as it pursues you! The hound bites you but does no damage.
The wyvern attacks as it pursues you! The wyvern bites you!
The hound pauses to sniff the ground.
The hound bites you but does no damage.
Enter note:
Enter note:
2334 |||
Found retreat position at -3,4 (floor) with 0 blocking monsters and 2 monsters attacking at destination at distance 4
2334 ||| Stepping ~*~*~tactically~*~*~ (retreating).
The wyvern bites you!
Enter note:
Enter note:
2335 |||
Found retreat position at -2,3 (floor) with 0 blocking monsters and 2 monsters attacking at destination at distance 3
2335 ||| Stepping ~*~*~tactically~*~*~ (retreating).
The hound closely misses you.
Enter note:
Enter note:
2336 |||
Found retreat position at -1,2 (floor) with 0 blocking monsters and 2 monsters attacking at destination at distance 2
2336 ||| Stepping ~*~*~tactically~*~*~ (retreating).
The wyvern bites you but does no damage.
Enter note:
Enter note:
2337 |||
Found retreat position at 0,1 (floor) with 0 blocking monsters and 2 monsters attacking at destination at distance 1
2337 ||| Stepping ~*~*~tactically~*~*~ (retreating).
You shoot an arrow. The arrow misses the hound.
The wyvern bites you! The hound bites you but does no damage.
The wyvern closely misses you. The hound closely misses you.
You shoot an arrow. The arrow misses the hound.
The wyvern barely misses you. The hound misses you.
The wyvern closely misses you.
You shoot an arrow. The arrow hits the hound.
The hound is lightly wounded.
The hound closely misses you. The wyvern barely misses you.
The hound pauses to sniff the ground.
The hound closely misses you. The wyvern closely misses you.
You shoot an arrow. The arrow closely misses the hound.
The hound barely misses you. The wyvern bites you.
The hound bites you but does no damage.
You shoot an arrow. The arrow barely misses the hound.
The wyvern bites you! The hound bites you.
You die...

#...............##.
#.................
##.....#.....$#...
###....##%.....#...
##.#.....g........
#..#g...o.........
#...oo........#...
##.hl##.......# ..
###@##......... .
#########.....
..... #....


You could see a wyvern, a hound, 2 orcs and a hobgoblin.

Vanquished Creatures
  A kobold brigand (D:4)
  2 jellies (D:4)
  A sleepcap (D:3)
  4 adders (D:2)
  A gnoll (D:1)
  2 worms
  A dart slug (D:2)
  6 orcs
  6 ball pythons
  2 bats (D:2)
  4 endoplasms (D:1)
  A giant cockroach (D:3)
  A goblin (D:2)
  4 hobgoblins
  4 jackals (D:3)
  2 kobolds
  4 quokkas
  2 frilled lizards (D:2)
  3 rats
51 creatures vanquished.

Notes
Turn   | Place    | Note
-------+----------+-------------------------------------------
     0 | D:1      | qw the Gargoyle Hunter began the quest for the Orb.
     0 | D:1      | Reached XP level 1. HP: 12/12 MP: 1/1
     0 | D:1      | 0 ||| qw: Version: 0.3-a-83-gcd0e7d8
     0 | D:1      | 0 ||| qw: Game counter: 1866
     0 | D:1      | 0 ||| qw: Melee chars always use a shield: true
     0 | D:1      | 0 ||| qw: God list: Okawaru
     0 | D:1      | 0 ||| qw: Allow faded altars: false
     0 | D:1      | 0 ||| qw: Do Orc after clearing Dungeon:15 true
     0 | D:1      | 0 ||| qw: Do second Lair branch before Depths: true
     0 | D:1      | 0 ||| qw: Lair rune preference: random
     0 | D:1      | 0 ||| qw: Goals: Normal
     0 | D:1      | 0 ||| PLANNING D:1-11
   106 | D:1      | Found Buwe's Antique Armour Shop.
   110 | D:1      | 110 ||| SHOPLISTING glowing hat (182 gold, have 30).
   110 | D:1      | 110 ||| SHOPLISTING pair of gloves (117 gold, have 30).
   110 | D:1      | 110 ||| SHOPLISTING pair of smoking boots (247 gold, have
                  | 30).
   110 | D:1      | 110 ||| SHOPLISTING runed leather armour (130 gold, have
                  | 30).
   386 | D:1      | Reached XP level 2. HP: 17/17 MP: 2/2
   527 | D:1      | HP: 3/17 [gnoll/+2 heavy flail (14)]
   761 | D:1      | 761 ||| READING scroll labelled TAONAS VEI.
   762 | D:1      | 762 ||| READING 3 scrolls labelled BEUMNA KUB.
   767 | D:1      | 767 ||| DROPPING scroll of butterflies.
   784 | D:2      | Reached XP level 3. HP: 21/21 MP: 3/3
   818 | D:2      | Reached skill level 5 in Ranged Weapons
   960 | D:2      | Reached skill level 3 in Fighting
   966 | D:2      | Reached XP level 4. HP: 25/28 MP: 4/4
  1188 | D:2      | 1188 ||| UPGRADING to +0 ring mail.
  1198 | D:2      | 1198 ||| DROPPING +0 leather armour.
  1199 | D:2      | 1199 ||| UPGRADING to +0 pair of gloves.
  1204 | D:2      | 1204 ||| DRINKING 3 ruby potions.
  1205 | D:2      | 1205 ||| DRINKING 2 glowing grey potions.
  1310 | D:2      | 1310 ||| DROPPING potion of berserk rage.
  1343 | D:3      | Found a glowing golden altar of the Shining One.
  1701 | D:3      | Found a broken altar of Ashenzari.
  1838 | D:3      | Reached skill level 1 in Armour
  1844 | D:3      | 1844 ||| READING scroll labelled EQILEODA WIZU.
  1845 | D:3      | 1845 ||| DRINKING 2 glowing cyan potions.
  1864 | D:4      | 1864 ||| PLANNING SEWER
  1867 | D:4      | 1867 ||| STAIRDANCE
  1877 | D:3      | Reached XP level 5. HP: 21/32 MP: 5/5
  1922 | D:4      | 1922 ||| STAIRDANCE
  1935 | D:4      | 1935 ||| STAIRDANCE
  1951 | D:4      | 1951 ||| STAIRDANCE
  2036 | D:4      | Reached skill level 6 in Ranged Weapons
  2058 | D:4      | Noticed a kobold brigand
  2074 | D:4      | Killed a kobold brigand
  2075 | D:4      | Reached XP level 6. HP: 16/38 MP: 6/6
  2327 | D:4      | Noticed a wyvern
  2330 | D:4      | 2330 ||| Stepping ~*~*~tactically~*~*~ (retreating).
  2331 | D:4      | 2331 ||| Stepping ~*~*~tactically~*~*~ (retreating).
  2332 | D:4      | 2332 ||| Stepping ~*~*~tactically~*~*~ (retreating).
  2333 | D:4      | 2333 ||| Stepping ~*~*~tactically~*~*~ (retreating).
  2334 | D:4      | 2334 ||| Stepping ~*~*~tactically~*~*~ (retreating).
  2335 | D:4      | 2335 ||| Stepping ~*~*~tactically~*~*~ (retreating).
  2336 | D:4      | 2336 ||| Stepping ~*~*~tactically~*~*~ (retreating).
  2337 | D:4      | 2337 ||| Stepping ~*~*~tactically~*~*~ (retreating).
  2342 | D:4      | HP: 1/38 [wyvern (9)]
  2342 | D:4      | Slain by a hound

Levels and vault maps discovered:
D:1:      elethiomel_arrival_infinity_welcomes_careful_drivers,
          layout_loops_cross, serial_shops, nicolae_shop_pleasant_corner_grove
D:2:      layout_rooms
D:3:      layout_basic, mainiacjoe_overflow_small_starburst, pf_just_have_faith
D:4:      layout_cave_pools, portal_sewer_entry_e

Skill      XL: |  1  2  3  4  5 |
---------------+----------------+-----
Ranged Weapons | 5 6 |  6.2
Fighting       | 3 4 |  4.2
Armour         | 1 |  1.0
Dodging        | |  1.5
Stealth        | |  1.1

Action                     |  1- 3 |  4- 6 || total
---------------------------+-------+-------++-------
   Fire: Shortbow          |    83 |   115 ||   198
    Use: Scroll            |     2 |     1 ||     3
         Potion            |       |     3 ||     3
 Armour: Leather armour    |    19 |     4 ||    23
         Ring mail         |       |    69 ||    69
  Dodge: Dodged            |    17 |    63 ||    80

Table legend:
 A = Non-vault XP
 B = Vault XP
 C = Vault XP percentage of total XP
 D = Non-vault monster count
 E = Vault monster count
 F = Vault count percentage of total count
                 A         B        C        D         E       F
            +---------+---------+-------+---------+---------+-------
      Total |     379 |       0 |   0.0 |      51 |       0 |   0.0
            +---------+---------+-------+---------+---------+-------
        D:1 |      33 |       0 |   0.0 |      12 |       0 |   0.0
        D:2 |      81 |       0 |   0.0 |      17 |       0 |   0.0
        D:3 |      66 |       0 |   0.0 |      13 |       0 |   0.0
        D:4 |     199 |       0 |   0.0 |       9 |       0 |   0.0
            +---------+---------+-------+---------+---------+-------
